Workbook

Sheet Receipts 2016.17
A1: Horning Parish Council
A3: Receipts
A4: 2014/15
A5: Date | B5: Description | C5: Cleared? | D5: Amount | E5: Allotments | F5: Recycling | G5: Donations | H5: Moorings | I5: Slipway | J5: Interest | K5: Precept | L5: NNDC Grant | M5: Rent | N5: Misc | O5: Planters | P5: VAT | Q5: External Funding
A7: 1.04.16 | B7: Ludham Bridge Moorings | C7: * | D7: 375 | H7: 375 | R7: =D7-(SUM(E7:Q7)) -> 0
R8: =D8-(SUM(E8:Q8)) -> 0
B9: APRIL | D9: =SUM(D6:D8) -> 375 | E9: =SUM(E6:E8) -> 0 | F9: =SUM(F6:F8) -> 0 | G9: =SUM(G6:G8) -> 0 | H9: =SUM(H6:H8) -> 375 | I9: =SUM(I6:I8) -> 0 | J9: =SUM(J6:J8) -> 0 | K9: =SUM(K6:K8) -> 0 | ... Q9: =SUM(Q6:Q8) -> 0 | R9: =D9-(SUM(E9:Q9)) -> 0
A10: 29.04.16 | B10: Precept | C10: * | D10: =SUM(E10:Q10) -> 7933 | K10: 7933 | R10: =D10-(SUM(E10:Q10)) -> 0
A11: 29.04.16 | B11: NNDC Grant | C11: * | D11: =SUM(E11:Q11) -> 390 | L11: 390 | R11: =D11-(SUM(E11:Q11)) -> 0
A12: 18.05.16 | B12: Tidings. Planter sponsorship. | D12: 80 | O12: 80 | R12: =D12-(SUM(E12:Q12)) -> 0
A13: 18.05.16 | B13: Collection box. | D13: 87.92 | G13: 87.92 | R13: =D13-(SUM(E13:Q13)) -> 0
A14: 18.05.16 | B14: Allotment income | D14: 598.5 | E14: 598.5 | R14: =D14-(SUM(E14:Q14)) -> 0
R15: =D15-(SUM(E15:Q15)) -> 0
A16: TOTAL | B16: MAY | D16: =SUM(D10:D15) -> 9089.42 | E16: =SUM(E8:E15) -> 598.5 | F16: =SUM(F8:F15) -> 0 | G16: =SUM(G8:G15) -> 87.92 | H16: 0 | I16: 0 | J16: =SUM(J8:J15) -> 0 | K16: =SUM(K8:K15) -> 7933 | L16: =SUM(L8:L15) -> 390 | M16: =SUM(M8:M15) -> 0 | N16: =SUM(N8:N15) -> 0 | O16: =SUM(O8:O15) -> 80 | P16: =SUM(P8:P15) -> 0 | Q16: =SUM(Q8:Q15) -> 0 | R16: =D16-(SUM(E16:Q16)) -> 0
A17: 15.06.16 | B17: Ian Davis. 3 x planters | C17: * | D17: 120 | O17: 120 | R17: =D17-(SUM(E17:Q17)) -> 0
A18: 6.06.16 | B18: Bank interest | C18: * | D18: 1.76 | J18: 1.76 | R18: =D18-(SUM(E18:Q18)) -> 0
A19: 15.06.16 | B19: Allotment income. | C19: * | D19: =SUM(E19:Q19) -> 57 | E19: 57 | R19: =D19-(SUM(E19:Q19)) -> 0
A20: 20.06.16 | B20: Slipway income. | C20: * | D20: 134 | I20: 134 | R20: =D20-(SUM(E20:Q20)) -> 0
A21: TOTAL | B21: JUNE | D21: =SUM(D17:D20) -> 312.76 | E21: =SUM(E17:E20) -> 57 | F21: =SUM(F17:F20) -> 0 | G21: =SUM(G17:G20) -> 0 | H21: =SUM(H17:H20) -> 0 | I21: =SUM(I17:I20) -> 134 | J21: =SUM(J17:J20) -> 1.76 | K21: =SUM(K17:K20) -> 0 | ... Q21: =SUM(Q17:Q20) -> 0 | R21: =D21-(SUM(E21:Q21)) -> 0
R22: =D22-(SUM(E22:Q22)) -> 0
A23: 1.07.16 | B23: Ludham Bridge Moorings | C23: * | D23: 375 | H23: 375 | R23: =D23-(SUM(E23:Q23)) -> 0
A24: 22.07.16 | B24: Sharon Frosdick allotment rent | C24: * | D24: 19 | E24: 19 | R24: =D24-(SUM(E24:Q24)) -> 0
A25: TOTAL | B25: JULY | D25: =SUM(D22:D24) -> 394 | E25: =SUM(E22:E24) -> 19 | F25: =SUM(F22:F24) -> 0 | G25: =SUM(G22:G24) -> 0 | H25: =SUM(H22:H24) -> 375 | I25: =SUM(I22:I24) -> 0 | J25: =SUM(J22:J24) -> 0 | K25: =SUM(K22:K24) -> 0 | ... Q25: =SUM(Q22:Q24) -> 0 | R25: =D25-(SUM(E25:Q25)) -> 0
R26: =D26-(SUM(E26:Q26)) -> 0
A27: 1.08.2016 | B27: Broads Authority rebate for planning app | D27: 95 | N27: 95 | R27: =D27-(SUM(E27:Q27)) -> 0
R28: =D28-(SUM(E28:Q28)) -> 0
A29: TOTAL | B29: AUGUST | D29: =SUM(D26:D28) -> 95 | E29: =SUM(E26:E28) -> 0 | F29: =SUM(F26:F28) -> 0 | G29: =SUM(G26:G28) -> 0 | H29: =SUM(H26:H28) -> 0 | I29: =SUM(I26:I28) -> 0 | J29: =SUM(J26:J28) -> 0 | K29: =SUM(K26:K28) -> 0 | ... Q29: =SUM(Q26:Q28) -> 0 | R29: =D29-(SUM(E29:Q29)) -> 0
R30: =D30-(SUM(E30:Q30)) -> 0
R31: =D31-(SUM(E31:Q31)) -> 0
R32: =D32-(SUM(E32:Q32)) -> 0
A33: 5.09.16 | B33: NCAPTC Transparency grant | D33: 285.8 | Q33: 285.8 | R33: =D33-(SUM(E33:Q33)) -> 0
A34: 14.09.16 | B34: Horning Boat Show defibs, flag etc | D34: 1788.12 | Q34: 1788.12 | R34: =D34-(SUM(E34:Q34)) -> 0
R35: =D35-(SUM(E35:Q35)) -> 0
R36: =D36-(SUM(E36:Q36)) -> 0
A37: TOTAL | B37: SEPTEMBER | D37: =SUM(D32:D36) -> 2073.92 | E37: =SUM(E32:E36) -> 0 | F37: =SUM(F32:F36) -> 0 | G37: =SUM(G32:G36) -> 0 | H37: =SUM(H32:H36) -> 0 | I37: =SUM(I32:I36) -> 0 | J37: =SUM(J32:J36) -> 0 | K37: =SUM(K32:K36) -> 0 | ... Q37: =SUM(Q32:Q36) -> 2073.92 | R37: =D37-(SUM(E37:Q37)) -> 0
R38: =D38-(SUM(E38:Q38)) -> 0
A39: 30.09.16 | B39: Precept and grant | D39: 8322 | K39: 7933 | L39: 389 | R39: =D39-(SUM(E39:Q39)) -> 0
A40: 3.10.16 | B40: Ludham Bridge | D40: 375 | H40: 375 | R40: =D40-(SUM(E40:Q40)) -> 0
A41: 5.09.16 | B41: Barclays interest | D41: 1.76 | J41: 1.76 | R41: =D41-(SUM(E41:Q41)) -> 0
R42: =D42-(SUM(E42:Q42)) -> 0
R43: =D43-(SUM(E43:Q43)) -> 0
A44: TOTAL | B44: OCTOBER | D44: =SUM(D39:D43) -> 8698.76 | E44: =SUM(E39:E43) -> 0 | F44: =SUM(F39:F43) -> 0 | G44: =SUM(G39:G43) -> 0 | H44: =SUM(H39:H43) -> 375 | I44: =SUM(I39:I43) -> 0 | J44: =SUM(J39:J43) -> 1.76 | K44: =SUM(K39:K43) -> 7933 | ... Q44: =SUM(Q39:Q43) -> 0 | R44: =D44-(SUM(E44:Q44)) -> 0
A45: 3.11.16 | B45: URM | C45: glass | D45: 325.55 | F45: 325.55 | R45: =D45-(SUM(E45:Q45)) -> 0
R46: =D46-(SUM(E46:Q46)) -> 0
A47: TOTAL | B47: NOVEMBER | D47: =SUM(D45:D46) -> 325.55 | E47: =SUM(E45:E46) -> 0 | F47: =SUM(F45:F46) -> 325.55 | G47: =SUM(G45:G46) -> 0 | H47: =SUM(H45:H46) -> 0 | I47: =SUM(I45:I46) -> 0 | J47: =SUM(J45:J46) -> 0 | K47: =SUM(K45:K46) -> 0 | ... Q47: =SUM(Q45:Q46) -> 0 | R47: =D47-(SUM(E47:Q47)) -> 0
A48: 7.11.16 | B48: Bowls receipt | D48: 5 | G48: 5 | R48: =D48-(SUM(E48:Q48)) -> 0
A49: 7.11.16 | B49: Coin donation box | D49: 105.65 | G49: 105.65 | R49: =D49-(SUM(E49:Q49)) -> 0
A50: 7.11.16 | B50: Jubilee walk tree (organised by A Darby) | D50: 35 | G50: 35 | R50: =D50-(SUM(E50:Q50)) -> 0
A51: TOTAL | B51: DECEMBER | D51: =SUM(D48:D50) -> 145.65 | E51: =SUM(E48:E50) -> 0 | F51: =SUM(F48:F50) -> 0 | G51: =SUM(G48:G50) -> 145.65 | H51: =SUM(H48:H50) -> 0 | I51: =SUM(I48:I50) -> 0 | J51: =SUM(J48:J50) -> 0 | K51: =SUM(K48:K50) -> 0 | ... Q51: =SUM(Q48:Q50) -> 0 | R51: =D51-(SUM(E51:Q51)) -> 0
R52: =D52-(SUM(E52:Q52)) -> 0
R53: =D53-(SUM(E53:Q53)) -> 0
A54: 5.12.16 | B54: Interest | D54: 1.76 | J54: 1.76 | R54: =D54-(SUM(E54:Q54)) -> 0
R55: =D55-(SUM(E55:Q55)) -> 0
R56: =D56-(SUM(E56:Q56)) -> 0
A57: TOTAL | B57: JANUARY | D57: =SUM(D52:D56) -> 1.76 | E57: =SUM(E52:E56) -> 0 | F57: =SUM(F52:F56) -> 0 | G57: =SUM(G52:G56) -> 0 | H57: =SUM(H52:H56) -> 0 | I57: =SUM(I52:I56) -> 0 | J57: =SUM(J52:J56) -> 1.76 | K57: =SUM(K52:K56) -> 0 | ... Q57: =SUM(Q52:Q56) -> 0 | R57: =D57-(SUM(E57:Q57)) -> 0
R58: =D58-(SUM(E58:Q58)) -> 0
R59: =D59-(SUM(E59:Q59)) -> 0
A60: 6.01.17 | B60: £130 Swan litter picking £50 Swan painting | D60: 180 | G60: 180 | R60: =D60-(SUM(E60:Q60)) -> 0
R61: =D61-(SUM(E61:Q61)) -> 0
R62: =D62-(SUM(E62:Q62)) -> 0
A63: TOTAL | B63: FEBRUARY | D63: =SUM(D58:D62) -> 180 | E63: =SUM(E58:E62) -> 0 | F63: =SUM(F58:F62) -> 0 | G63: =SUM(G58:G62) -> 180 | H63: =SUM(H58:H62) -> 0 | I63: =SUM(I58:I62) -> 0 | J63: =SUM(J58:J62) -> 0 | K63: =SUM(K58:K62) -> 0 | ... Q63: =SUM(Q58:Q62) -> 0 | R63: =D63-(SUM(E63:Q63)) -> 0
R64: =D64-(SUM(E64:Q64)) -> 0
A65: 22.02.17 | B65: NCAPTC transparency grant | D65: 312.5 | N65: 312.5 | R65: =D65-(SUM(E65:Q65)) -> 0
R66: =D66-(SUM(E66:Q66)) -> 0
R67: =D67-(SUM(E67:Q67)) -> 0
R68: =D68-(SUM(E68:Q68)) -> 0
A69: TOTAL | B69: MARCH | D69: =SUM(D64:D68) -> 312.5 | E69: =SUM(E64:E68) -> 0 | F69: =SUM(F64:F68) -> 0 | G69: =SUM(G64:G68) -> 0 | H69: =SUM(H64:H68) -> 0 | I69: =SUM(I64:I68) -> 0 | J69: =SUM(J64:J68) -> 0 | K69: =SUM(K64:K68) -> 0 | ... Q69: =SUM(Q64:Q68) -> 0 | R69: =D69-(SUM(E69:Q69)) -> 0
R70: =D70-(SUM(E70:Q70)) -> 0
A71: 16.03.17 | B71: slipway income | D71: 240 | I71: 240 | R71: =D71-(SUM(E71:Q71)) -> 0
R72: =D72-(SUM(E72:Q72)) -> 0
R73: =D73-(SUM(E73:Q73)) -> 0
R74: =D74-(SUM(E74:Q74)) -> 0
A75: TOTAL | B75: end of year | D75: =SUM(D70:D74) -> 240 | E75: =SUM(E70:E74) -> 0 | F75: =SUM(F70:F74) -> 0 | G75: =SUM(G70:G74) -> 0 | H75: =SUM(H70:H74) -> 0 | I75: =SUM(I70:I74) -> 240 | J75: =SUM(J70:J74) -> 0 | K75: =SUM(K70:K74) -> 0 | ... Q75: =SUM(Q70:Q74) -> 0 | R75: =D75-(SUM(E75:Q75)) -> 0
R76: =D76-(SUM(E76:Q76)) -> 0
A77: 27.03.17 | B77: HMRC VAT | C77: * | D77: 2278.61 | P77: 2278.61 | R77: =D77-(SUM(E77:Q77)) -> 0
R81: =D81-(SUM(E81:Q81)) -> 0
A82: TOTAL | B82: end of year | D82: =SUM(D76:D81) -> 2278.61 | E82: =SUM(E76:E81) -> 0 | F82: =SUM(F76:F81) -> 0 | G82: =SUM(G76:G81) -> 0 | H82: =SUM(H76:H81) -> 0 | I82: =SUM(I76:I81) -> 0 | J82: =SUM(J76:J81) -> 0 | K82: =SUM(K76:K81) -> 0 | ... Q82: =SUM(Q76:Q81) -> 0 | R82: =D82-(SUM(E82:Q82)) -> 0
D83: =SUM(D69,D63,D57,D51,D47,D44,D37,D29,D25,D21,D16,D9,D77,D75) -> 24522.93 | E83: =SUM(E69,E63,E57,E51,E47,E44,E37,E29,E25,E21,E16,E9,E77,E75) -> 674.5 | F83: =SUM(F69,F63,F57,F51,F47,F44,F37,F29,F25,F21,F16,F9,F77,F75) -> 325.55 | G83: =SUM(G69,G63,G57,G51,G47,G44,G37,G29,G25,G21,G16,G9,G77,G75) -> 413.57 | H83: =SUM(H69,H63,H57,H51,H47,H44,H37,H29,H25,H21,H16,H9,H77,H75) -> 1125 | I83: =SUM(I69,I63,I57,I51,I47,I44,I37,I29,I25,I21,I16,I9,I77,I75) -> 374 | J83: =SUM(J69,J63,J57,J51,J47,J44,J37,J29,J25,J21,J16,J9,J77,J75) -> 5.28 | K83: =SUM(K69,K63,K57,K51,K47,K44,K37,K29,K25,K21,K16,K9,K77,K75) -> 15866 | ... Q83: =SUM(Q69,Q63,Q57,Q51,Q47,Q44,Q37,Q29,Q25,Q21,Q16,Q9,Q77,Q75) -> 2073.92 | R83: =D83-(SUM(E83:Q83)) -> 0
E84: * | F84: * | G84: * | H84: * | I84: * | J84: * | K84: * | L84: * | Q84: *
O86: Parish Budget | Q86: =SUM(E83:O83) -> 20170.4
E88: * | F88: * | G88: * | H88: * | I88: * | J88: * | K88: * | L88: * | N88: * | O88: * | P88: * | T88: =N83+J83+O83 -> 612.78
E89: * | F89: * | G89: * | H89: * | I89: * | J89: * | K89: * | L89: * | N89: * | O89: * | P89: *

Sheet Payments 2016.17
A1: Horning Parish Council
A3: Payments
A4: 2016/2017
A5: Date | B5: Payee | C5: Description | D5: Cheque | E5: Cleared? | F5: Amount | G5: Allotment | H5: Grass/grounds | I5: Litter Pick | J5: Dog Bins | K5: Maintenance / play insp | L5: Clerk Sal | M5: Expenses | N5: HMRC | O5: S137 Donation | P5: Profesional Fees | Q5: Memberships | R5: Training | S5: Misc | T5: Glass | U5: Capital | V5: External Funding | W5: Vat | X5: CHECK
D6: Number
A7: 4.04.16 | B7: Clerk salary and expenses | E7: * | F7: 518.54 | L7: =508.8-20.35-64.6 -> 423.85 | M7: 94.69 | X7: =F7-SUM(G7:W7) -> 0
A8: 4.04.16 | B8: Ralph Morris | C8: Litter pick | D8: 2181 | E8: * | F8: 130 | I8: 130 | X8: =F8-SUM(G8:W8) -> 0
A9: 4.04.16 | B9: Carol Gilden | C9: Feb work on green | D9: 2182 | E9: * | F9: 75 | H9: 75 | X9: =F9-SUM(G9:W9) -> 0
A10: 4.04.16 | B10: NCC | C10: Road closure | D10: 2183 | E10: * | F10: 36 | S10: 36 | X10: =F10-SUM(G10:W10) -> 0
A11: 4.04.16 | B11: NALC | C11: Quality Council status registration | D11: 2184 | F11: 50 | Q11: 50 | X11: =F11-SUM(G11:W11) -> 0
A12: 4.04.16 | B12: Savills | C12: Allotment rent payment | D12: 2185 | E12: * | F12: 250 | G12: 250 | X12: =F12-SUM(G12:W12) -> 0
A13: 4.04.16 | B13: BA | C13: Planning permission for flag | D13: 2186 | E13: * | F13: 192.5 | V13: 192.5 | X13: =F13-SUM(G13:W13) -> 0
A14: 4.04.16 | B14: Keith Buck | C14: Slipway gate and post | D14: 2187 | E14: * | F14: 145 | K14: 145 | X14: =F14-SUM(G14:W14) -> 0
A15: 4.04.16 | B15: Peter Iddon | C15: St Benet's Green sign | D15: 2188 | E15: * | F15: 81.6 | S15: 68 | W15: 13.6 | X15: =F15-SUM(G15:W15) -> 0
A16: 4.04.16 | B16: HMRC | C16: tax | D16: 2189 | E16: * | F16: 64.6 | N16: 64.6 | X16: =F16-SUM(G16:W16) -> 0
A17: 4.04.16 | B17: URM | C17: glass | D17: 2190 | E17: * | F17: 13.32 | T17: 11.1 | W17: 2.22 | X17: =F17-SUM(G17:W17) -> 0
X18: =F18-SUM(G18:W18) -> 0
X19: =F19-SUM(G19:W19) -> 0
X20: =F20-SUM(G20:W20) -> 0
B21: TOTAL FOR APRIL | C21: =F11+F26+F28+F30+F33+F34+F36+F37+F38+F29 -> 3093.76 | F21: =SUM(F7:F19) -> 1556.56 | G21: =SUM(G7:G19) -> 250 | H21: =SUM(H7:H19) -> 75 | I21: =SUM(I7:I19) -> 130 | J21: =SUM(J7:J19) -> 0 | K21: =SUM(K7:K19) -> 145 | L21: =SUM(L7:L19) -> 423.85 | M21: =SUM(M7:M19) -> 94.69 | ... W21: =SUM(W7:W19) -> 15.82 | X21: =F21-SUM(G21:W21) -> 0 | Y21: =F21-SUM(G21:W21) -> 0
X22: =F22-SUM(G22:W22) -> 0
A23: 25.04.16 | B23: CGM | D23: s/o | E23: * | F23: 81.8 | H23: 68.17 | W23: 13.63 | X23: =F23-SUM(G23:W23) -> 0
B24: NEST | C24: Clerk pension | E24: * | F24: 81.03 | L24: 81.03 | X24: =F24-SUM(G24:W24) -> 0
A25: 15.5.16 | B25: Clerk | C25: salary and expenses | D25: 2191 | E25: * | F25: 557.12 | L25: =578.76-78.6-23.15 -> 477.01 | M25: 80.11 | X25: =F25-SUM(G25:W25) -> 0
A26: 15.5.16 | B26: Ralph Morris | C26: Litter picking | D26: 2192 | E26: * | F26: 130 | I26: 130 | X26: =F26-SUM(G26:W26) -> 0
A27: 15.5.16 | B27: Post Office | C27: HMRC tax | D27: 2193 | E27: * | F27: 78.6 | N27: 78.6 | X27: =F27-SUM(G27:W27) -> 0
A28: 15.5.16 | B28: NCC | C28: Parish Partnership handrails FP1/2 | D28: 2194 | E28: * | F28: 875 | U28: 875 | X28: =F28-SUM(G28:W28) -> 0
A29: 15.5.16 | B29: Anita Turpin | C29: Plants for planters | D29: 2195 | E29: * | F29: 123.9 | H29: 123.9 | X29: =F29-SUM(G29:W29) -> 0
A30: 15.5.16 | B30: Horning Village Hall | C30: Electrician for defib VH | D30: 2196 | E30: * | F30: 204.14 | V30: 170.12 | W30: 34.02 | X30: =F30-SUM(G30:W30) -> 0
A31: 15.5.16 | B31: Jo beardshaw | C31: buy a plan for flagpole application and £!08 for defib cabinets | D31: 2197 | E31: * | F31: =16.8+108 -> 124.8 | V31: 122 | W31: 2.8 | X31: =F31-SUM(G31:W31) -> 0
A32: 15.5.16 | B32: Came and Co | C32: Insurance | D32: 2198 | E32: * | F32: 770.7 | P32: 770.7 | X32: =F32-SUM(G32:W32) -> 0
A33: 15.5.16 | B33: NALC | C33: Subs | D33: 2199 | E33: * | F33: 210.46 | Q33: 210.46 | X33: =F33-SUM(G33:W33) -> 0
A34: 15.5.16 | B34: Carol Gilden | C34: Cut green | D34: 2200 | E34: * | F34: 50 | H34: 50 | X34: =F34-SUM(G34:W34) -> 0
A35: 15.5.16 | B35: URM | C35: Glass | D35: 2201 | E35: * | F35: 10.8 | T35: 9 | W35: 1.8 | X35: =F35-SUM(G35:W35) -> 0
A36: 15.5.16 | B36: CGM | C36: Rolling recreation ground | D36: 2202 | E36: * | F36: 294 | H36: 245 | W36: 49 | X36: =F36-SUM(G36:W36) -> 0
A37: 15.5.16 | B37: Ferry Marina | C37: Electrician for defib ferry marina | D37: 2203 | E37: * | F37: 637.61 | V37: 531.34 | W37: 106.27 | X37: =F37-SUM(G37:W37) -> 0
A38: 15.5.16 | B38: Emery and Son | C38: Electrician for New Inn | D38: 2204 | E38: * | F38: 518.65 | V38: 432.21 | W38: 86.44 | X38: =F38-SUM(G38:W38) -> 0
A39: 15.5.16 | B39: The Poppy Appeal (£50) | C39: Replacement for lost chq 2144 | D39: 2205 | E39: * | X39: =F39-SUM(G39:W39) -> 0
X40: =F40-SUM(G40:W40) -> 0
X41: =F41-SUM(G41:W41) -> 0
X42: =F42-SUM(G42:W42) -> 0
X43: =F43-SUM(G43:W43) -> 0
B44: TOTAL FOR MAY | E44: =SUM(E28:E31) -> 0 | F44: =SUM(F22:F43) -> 4748.61 | G44: =SUM(G22:G43) -> 0 | H44: =SUM(H22:H43) -> 487.07 | I44: =SUM(I22:I43) -> 130 | J44: =SUM(J22:J43) -> 0 | K44: =SUM(K22:K43) -> 0 | L44: =SUM(L22:L43) -> 558.04 | M44: =SUM(M22:M43) -> 80.11 | ... W44: =SUM(W22:W43) -> 293.96 | X44: =F44-SUM(G44:W44) -> 0 | Y44: =F44-SUM(G44:W44) -> 0
B45: CGM Landscaping | D45: S/O | E45: * | F45: 81.8 | H45: =SUM(F45-W45) -> 68.17 | W45: 13.63 | X45: =F45-SUM(G45:W45) -> 0
B46: Clerk pension | D46: DD | E46: * | F46: 57.57 | L46: 57.57 | X46: =F46-SUM(G46:W46) -> 0
B47: Clerk Pension | D47: DD | E47: * | F47: 61.17 | L47: 61.17 | X47: =F47-SUM(G47:W47) -> 0
A48: 13.6.16 | B48: Carol Gilden | D48: 2206 | E48: * | F48: 117 | H48: 117 | X48: =F48-SUM(G48:W48) -> 0
A49: 13.6.16 | B49: HMRC | D49: 2207 | E49: * | F49: 46.4 | N49: 46.4 | X49: =F49-SUM(G49:W49) -> 0
A50: 13.6.16 | B50: NNDC | D50: 2208 | E50: * | F50: 2127.84 | J50: =SUM(F50-W50) -> 1773.2 | W50: 354.64 | X50: =F50-SUM(G50:W50) -> 0
A51: 13.6.16 | B51: Clerk Salary | D51: 2209 | E51: * | F51: 443.75 | L51: =411.2-46.4-16.45+5.91 -> 354.26 | M51: 89.49 | X51: =F51-SUM(G51:W51) -> 0
A52: 13.6.16 | B52: Clerk Salary | D52: 2210 | E52: * | F52: 446.09 | L52: 369.22 | M52: 76.87 | X52: =F52-SUM(G52:W52) -> 0
A53: 13.6.16 | B53: Neal Sharpe | D53: 2211 | E53: * | F53: 70 | P53: 70 | X53: =F53-SUM(G53:W53) -> 0
A54: 13.6.16 | B54: HMRC | C54: June tax | D54: 2212 | E54: * | F54: 50.2 | N54: 50.2 | X54: =F54-SUM(G54:W54) -> 0
A55: 13.6.16 | B55: URM UK Ltd | C55: Glass | D55: 2213 | E55: * | F55: 23.58 | T55: 19.6 | W55: 3.98 | X55: =F55-SUM(G55:W55) -> 0
A56: 13.6.16 | B56: Ralph Morris | C56: litter picking may/ june | D56: 2214 | E56: * | F56: 260 | I56: 260 | X56: =F56-SUM(G56:W56) -> 0
X57: =F57-SUM(G57:W57) -> 0
B58: TOTAL FOR JUNE | F58: =SUM(F45:F57) -> 3785.4 | G58: =SUM(G45:G57) -> 0 | H58: =SUM(H45:H57) -> 185.17 | I58: =SUM(I45:I57) -> 260 | J58: =SUM(J45:J57) -> 1773.2 | K58: =SUM(K45:K57) -> 0 | L58: =SUM(L45:L57) -> 842.22 | M58: =SUM(M45:M57) -> 166.36 | ... W58: =SUM(W45:W57) -> 372.25 | X58: =F58-SUM(G58:W58) -> 0 | Y58: =F58-SUM(G58:W58) -> 0
X59: =F59-SUM(G59:W59) -> 0
B60: CGM | C60: Grass | D60: s/o | F60: 81.8 | H60: 68.17 | W60: 13.63 | X60: =F60-SUM(G60:W60) -> 0
B61: NEST | C61: Pension July | D61: dd | F61: 23.38 | L61: 23.38 | X61: =F61-SUM(G61:W61) -> 0
B62: TOTAL FOR JULY | F62: =SUM(F59:F61) -> 105.18 | G62: =SUM(G59:G61) -> 0 | H62: =SUM(H59:H61) -> 68.17 | I62: =SUM(I59:I61) -> 0 | J62: =SUM(J59:J61) -> 0 | K62: =SUM(K59:K61) -> 0 | L62: =SUM(L59:L61) -> 23.38 | M62: =SUM(M59:M61) -> 0 | ... S62: =SUM(S59:S61) -> 0 | U62: =SUM(U59:U61) -> 0 | V62: =SUM(V59:V61) -> 0 | W62: =SUM(W59:W61) -> 13.63 | X62: =F62-SUM(G62:W62) -> 0 | Y62: =F62-SUM(G62:W62) -> 0
X63: =F63-SUM(G63:W63) -> 0
A64: 1.08.16 | B64: CGM | C64: Grass | D64: s/o | E64: * | F64: 81.8 | H64: 68.17 | W64: 13.63 | X64: =F64-SUM(G64:W64) -> 0
A65: 1.08.16 | B65: NEST | C65: Pension August | D65: DD | X65: =F65-SUM(G65:W65) -> 0
A66: 1.08.16 | B66: David Bracey | C66: Play inspection | D66: 2215 | E66: * | F66: 90 | K66: 75 | W66: 15 | X66: =F66-SUM(G66:W66) -> 0
A67: 1.08.16 | B67: Carol Gilden | C67: May and June invoices | D67: 2216 | E67: * | F67: 326 | H67: 326 | X67: =F67-SUM(G67:W67) -> 0
A68: 1.08.16 | B68: Clerk salary and expenses | D68: 2217 | E68: * | F68: 259.17 | L68: 167.05 | M68: 92.12 | X68: =F68-SUM(G68:W68) -> 0
A69: 1.08.16 | B69: URM UK | C69: Glass | D69: 2218 | E69: * | F69: 23.58 | T69: 19.65 | W69: 3.93 | X69: =F69-SUM(G69:W69) -> 0
A70: 1.08.16 | B70: Ralph Morris | C70: Litter picking | D70: 2219 | E70: * | F70: 130 | I70: 130 | X70: =F70-SUM(G70:W70) -> 0
X71: =F71-SUM(G71:W71) -> 0
X72: =F72-SUM(G72:W72) -> 0
X73: =F73-SUM(G73:W73) -> 0
X74: =F74-SUM(G74:W74) -> 0
X75: =F75-SUM(G75:W75) -> 0
B76: TOTAL FOR AUGUST | F76: =SUM(F63:F75) -> 910.55 | G76: =SUM(G63:G74) -> 0 | H76: =SUM(H63:H74) -> 394.17 | I76: =SUM(I63:I74) -> 130 | J76: =SUM(J63:J74) -> 0 | K76: =SUM(K63:K74) -> 75 | L76: =SUM(L63:L74) -> 167.05 | M76: =SUM(M63:M74) -> 92.12 | N76: =SUM(N64:N75) -> 0 | O76: =SUM(O63:O74) -> 0 | P76: =SUM(P63:P74) -> 0 | Q76: =SUM(Q63:Q74) -> 0 | R76: =SUM(R63:R74) -> 0 | S76: =SUM(S63:S74) -> 0 | T76: =SUM(T63:T74) -> 19.65 | U76: =SUM(U63:U74) -> 0 | V76: =SUM(V63:V74) -> 0 | W76: =SUM(W63:W74) -> 32.56 | X76: =F76-SUM(G76:W76) -> 0 | Y76: =F76-SUM(G76:W76) -> 0
X77: =F77-SUM(G77:W77) -> 0
A78: 5.09.16 | B78: CGM | C78: Grass | D78: s/o | E78: * | F78: 81.8 | H78: 68.17 | W78: 13.63 | X78: =F78-SUM(G78:W78) -> 0
A79: 5.09.16 | B79: Clerk pension | C79: NEST | D79: dd | E79: * | F79: 84.56 | L79: 84.56 | X79: =F79-SUM(G79:W79) -> 0
A80: 5.09.16 | B80: Carol Gilden | C80: July gardening | D80: 2220 | E80: * | F80: 192 | H80: 192 | X80: =F80-SUM(G80:W80) -> 0
A81: 5.09.16 | B81: Clerk salary and expenses | D81: 2221 | E81: * | F81: 574.5 | L81: =603.95-80-24.16 -> 499.79 | M81: 74.71 | X81: =F81-SUM(G81:W81) -> 0
A82: 5.09.16 | B82: URM | C82: Glass | D82: 2222 | E82: * | F82: 25.2 | T82: 21 | W82: 4.2 | X82: =F82-SUM(G82:W82) -> 0
A83: 5.09.16 | B83: Ralph Morris | C83: Litter picking | D83: 2223 | E83: * | F83: 130 | I83: 130 | X83: =F83-SUM(G83:W83) -> 0
A84: 5.09.16 | B84: HMRC | C84: tax post office | D84: 2224 | E84: * | F84: 80 | N84: 80 | X84: =F84-SUM(G84:W84) -> 0
A85: 5.09.16 | B85: Century Printing | C85: Plaques for HBS | D85: 2225 | E85: * | F85: 90 | S85: 75 | W85: 15 | X85: =F85-SUM(G85:W85) -> 0
X86: =F86-SUM(G86:W86) -> 0
X87: =F87-SUM(G87:W87) -> 0
B88: TOTAL FOR SEPTEMBER | F88: =SUM(F77:F87) -> 1258.06 | G88: =SUM(G78:G87) -> 0 | H88: =SUM(H77:H87) -> 260.17 | I88: =SUM(I78:I87) -> 130 | J88: =SUM(J78:J87) -> 0 | K88: =SUM(K78:K87) -> 0 | L88: =SUM(L78:L87) -> 584.35 | M88: =SUM(M78:M87) -> 74.71 | N88: =SUM(N78:N87) -> 80 | O88: =SUM(O78:O87) -> 0 | P88: =SUM(P78:P87) -> 0 | ... V88: =SUM(V78:V87) -> 0 | W88: =SUM(W77:W87) -> 32.83 | X88: =F88-SUM(G88:W88) -> 0
X89: =F89-SUM(G89:W89) -> 0
A90: 3.10.16 | B90: CGM | C90: Grass | D90: s/o | E90: * | F90: 81.8 | H90: 68.17 | W90: 13.63 | X90: =F90-SUM(G90:W90) -> 0
A91: 3.10.16 | B91: Clerk pension | C91: NEST | D91: dd | E91: * | F91: 70.17 | L91: 70.17 | X91: =F91-SUM(G91:W91) -> 0
A92: 3.10.16 | B92: URM | C92: Glass | D92: dd | E92: * | F92: 3.42 | T92: 3.42 | X92: =F92-SUM(G92:W92) -> 0
A93: 3.10.16 | B93: Carol Gilden | C93: August (this chq was written as £158 but banked £150) | D93: 2226 | E93: * | F93: 150 | H93: 150 | X93: =F93-SUM(G93:W93) -> 0
A94: 3.10.16 | B94: Clerk sal and exp | D94: 2227 | E94: * | F94: 501.02 | L94: =501.15-63.2-20.05 -> 417.9 | M94: 83.12 | X94: =F94-SUM(G94:W94) -> 0
A95: 3.10.16 | B95: Ralph Morris | C95: Litter picking | D95: 2228 | E95: * | F95: 130 | I95: 130 | X95: =F95-SUM(G95:W95) -> 0
A96: 3.10.16 | B96: HMRC | C96: tax | D96: 2229 | E96: * | F96: 63.2 | N96: 63.2 | X96: =F96-SUM(G96:W96) -> 0
A97: 3.10.16 | B97: CANCELLED | D97: 2230 | X97: =F97-SUM(G97:W97) -> 0
A98: 3.10.16 | B98: Savills | C98: rent for allotments | D98: 2231 | E98: * | F98: 250 | G98: 250 | X98: =F98-SUM(G98:W98) -> 0
A99: 3.10.16 | B99: NPTS | C99: Cllr Seddon course | D99: 2232 | E99: * | F99: 45 | R99: 45 | X99: =F99-SUM(G99:W99) -> 0
A100: 3.10.16 | B100: St Benet's PCC | C100: donation | D100: 2233 | E100: * | F100: 500 | O100: 500 | X100: =F100-SUM(G100:W100) -> 0
A101: 3.10.16 | B101: The Royal British Legion Poppy Appeal 2016 | D101: 2234 | E101: * | F101: 50 | O101: 50 | X101: =F101-SUM(G101:W101) -> 0
...

Sheet Budget 2016.17
A1: HORNING PARISH COUNCIL PRECEPT 2015/2016
A5: ACTUAL | B5: ACTUAL | C5: Actual | E5: Actual | F5: Budget | G5: Notes
A6: 2011/2012 | B6: 2012/13 | C6: 2013/14 | D6: PAYMENTS | F6: 2016/2017
A7: 388 | B7: 582 | C7: 234 | D7: Allotment - Church Commissioners | E7: =SUM('Payments 2016.17'!G181) -> 500 | F7: 620 | G7: inc 120 maintenance budget
D8: Grass Cutting and Grounds Maint | E8: =SUM('Payments 2016.17'!H181) -> 2610.25 | F8: 2300
A9: 1560 | B9: 1569 | C9: 1608.36 | D9: Litter Picking | E9: =SUM('Payments 2016.17'!I181) -> 1560 | F9: =130*12 -> 1560
A10: 1500 | B10: 1956 | C10: 1485 | D10: Maintenance | E10: =SUM('Payments 2016.17'!K181) -> 2091 | F10: 1390 | G10: Inc Playground Inspection
A11: 3700 | B11: 2959 | C11: 2741.72 | D11: Clerk's Remuneration | E11: =SUM('Payments 2016.17'!L181,'Payments 2016.17'!N181) -> 6373.93 | F11: 6300 | G11: inc HMRC + pension
B12: 250 | C12: 282.8 | D12: Admin & Mileage | E12: =SUM('Payments 2016.17'!M181) -> 1032.55 | F12: 1000
A13: 100 | B13: 105 | C13: 50 | D13: S 137 Donations | E13: =SUM('Payments 2016.17'!O181) -> 550 | F13: 650 | G13: inc St Benedicts PCC £500
A14: 951 | B14: 730 | C14: 724.62 | D14: Profesional fees | E14: =SUM('Payments 2016.17'!P181) -> 1040.7 | F14: 990 | G14: Insurance/Audit/Legal
A15: 1456 | B15: 1437 | C15: 1560 | D15: Dog Bin Emptying | E15: =SUM('Payments 2016.17'!J181) -> 1773.2 | F15: 1560 | G15: full year to march 2017
A16: 150 | B16: 52 | C16: 85 | D16: Training | E16: =SUM('Payments 2016.17'!R181) -> 265.8 | F16: 200
A17: 800 | B17: 7900 | C17: 703 | D17: General Expenses/Misc | E17: =SUM('Payments 2016.17'!S181) -> 521.5 | F17: 1000
A18: 350 | B18: 415 | C18: 265.92 | D18: Memberships | E18: =SUM('Payments 2016.17'!Q181) -> 270.46 | F18: 200
D19: Glass recycling | E19: =SUM('Payments 2016.17'!T181) -> 172.42 | F19: 100
A20: 0 | B20: 0 | C20: 2000 | D20: Increase(Decrease) in Strategic Reserve | F20: 2000
D21: Capital Project | E21: =SUM('Payments 2016.17'!U181) -> 943.51 | F21: 1000 | G21: hand rails / steps fp 1 and fp2
A22: =SUM(A7:A18) -> 10955 | B22: 20878 | C22: 13426.41 | D22: Parish Budget | E22: =SUM(E7:E21) -> 19705.32 | F22: =SUM(F7:F21) -> 20870
D23: External Funded Items (HBS etc) | E23: =SUM('Payments 2016.17'!V181) -> 1448.17
D24: RECEIPTS
A25: 450 | B25: 517 | C25: 75 | D25: Allotment Rents | E25: =SUM('Receipts 2016.17'!E83) -> 674.5 | F25: 620
A26: 1300 | B26: 1863 | C26: 1122.4 | D26: Mooring/ | E26: =SUM('Receipts 2016.17'!H83) -> 1125 | F26: 1500
D27: Slipway | E27: =SUM('Receipts 2016.17'!I83) -> 374 | F27: 200
A28: 13500 | B28: 14500 | C28: 14000 | D28: Precept | E28: =SUM('Receipts 2016.17'!K83) -> 15866 | F28: 15866
D29: NNDC Grant | E29: =SUM('Receipts 2016.17'!L83) -> 779 | F29: 779
A30: 1158 | B30: 1291 | C30: 1241.13 | D30: Recycling Credits | E30: =SUM('Receipts 2016.17'!F83) -> 325.55 | F30: 1200
A31: 500 | B31: 115 | C31: 95.9 | D31: Donation Box | E31: =SUM('Receipts 2016.17'!G83) -> 413.57 | F31: 200
D32: Recreation Ground Rents | E32: =SUM('Receipts 2016.17'!M83) -> 0 | F32: 5
D33: Planter Donations | E33: =SUM('Receipts 2016.17'!O83) -> 200 | F33: 400
D34: Misc/Bank Interest | E34: =SUM('Receipts 2016.17'!N83,'Receipts 2016.17'!J83) -> 412.78 | F34: 100
A35: =SUM(A25:A31) -> 16908 | B35: 21396 | C35: 16739.43 | D35: Parish Budget | E35: =SUM(E25:E34) -> 20170.4 | F35: =SUM(F25:F34) -> 20870
D36: External Funded Items (HBS etc) | E36: =SUM('Receipts 2016.17'!Q83) -> 2073.92
A37: 8000 | B37: 10000 | C37: 12000 | D37: Strategic Reserve (start of year) | F37: 14000 | G37: Deduct Ludham moorings work
D40: All figures are ex-VAT

Sheet Cashbook
B1: Bank Reconciliation
B2: Financial year ending 31 March 2017
B4: HORNING PARISH COUNCIL
B6: Balance as at 31st March 2017
B8: Community Account No 00478385 31.03.16 | C8: =6832.67-589.39 -> 6243.28
B9: Business Savings Account No 30478504 31.03.16 | C9: 14096.3 | D9: =SUM(C8:C9) -> 20339.58
B10: Receipts | C10: 24522.93 | D10: =SUM(C8:C10) -> 44862.51
B12: Less Payments | C12: 22391.7 | D12: =SUM(C12) -> 22391.7
B13: Balance as at cash book | D13: =SUM(D10-D12) -> 22470.81
B14: Unpresented Cheques
A17: Add: | B17: Receipts 2016/2017
B18: Precept | C18: 15866
B19: Grants | C19: 779
B20: Allotments | C20: 674.5
B21: Moorings | C21: 1125
B22: Recycling | C22: 325.55
B23: Donations | C23: 413.57
B24: Slipway | C24: 374
B25: VAT returned | C25: 2278.61
B26: External funding | C26: 2073.92
B27: Misc | C27: =407.5+5.28+200 -> 612.78
B28: Total of 2016/2017 Receipts | D28: =SUM(C18:C27) -> 24522.93
B29: Plus opening balance at 01 April 2016 | D29: 20339.58
B30: Receipts TOTAL | D30: =SUM(D28+D29) -> 44862.51
A31: Less: | B31: Payments 2016/2017
B32: Clerk Salary | C32: 5648.33
B33: VAT | C33: 1044.66
B34: Other | C34: 15698.71
B35: Payments Total | D35: =SUM(C32:C34) -> 22391.7
B36: Balance of Parish Council Accounts at 31.03.2017 | D36: =SUM(D30-D35) -> 22470.81
